 Dungeon Crawl Stone Soup version 0.17.1-3-g152610e (webtiles) character file.

10581 inmateoo the Arsonist (level 11, -2/63 HPs)
             Began as a Deep Elf Fire Elementalist on Feb 22, 2016.
             Was a Priest of Vehumet.
             Slain by Sonja
             ... wielding a +0 dagger of distortion
              (15 damage)
             ... on level 11 of the Dungeon.
             The game lasted 00:22:16 (12542 turns).

inmateoo the Arsonist (Deep Elf Fire Elementalist) Turns: 12542, Time: 00:22:16

Health: -2/63      AC:  8    Str:  7    XL:     11   Next: 38%
Magic:  2/24       EV: 17    Int: 24    God:    Vehumet [***...]
Gold:   598        SH:  0    Dex: 15    Spells: 7 memorised, 5 levels left

rFire  + + .     SeeInvis .     e - +4 long sword (slice)
rCold  x . .     Clarity  .     s - +0 robe {rF+}
rNeg   . . .     SustAt   .     (no shield)
rPois  .         Gourm    .     x - +1 helmet
rElec  .         Spirit   .     I - +1 cloak
rCorr  +         Warding  .     w - +1 pair of gloves
rMut   .         Stasis   .     (boots unavailable)
MR     ++...                    a - amulet of resist corrosion
Stlth  ++++......               (no ring)
                                f - ring of fire

@: delayed fireball, very resistant to hostile enchantments, stealthy
A: talons 3, blurry vision 1, deterioration 1, low mp 1, magic resistance 1,
strong 1
a: Renounce Religion, Release Delayed Fireball


You were on level 11 of the Dungeon.
You worshipped Vehumet.
Vehumet was most pleased with you.
You were not hungry.

You visited 2 branches of the dungeon, and saw 12 of its levels.

You collected 624 gold pieces.
You spent 26 gold pieces at shops.

Inventory:

Hand Weapons
 e - a +4 long sword of slicing (weapon)
Armour
 s - a +0 robe of fire resistance (worn)
 w - a +1 pair of gloves (worn)
 x - a +1 helmet (worn)
 I - a +1 cloak (worn)
Jewellery
 a - an amulet of resist corrosion (around neck)
 f - a ring of fire (left hand)
 o - an uncursed ring of flight
 A - a cursed -3 ring of protection {unknown}
Wands
 p - a wand of magic darts (39)
 q - a wand of fire (7)
 v - a wand of flame (39)
 D - a wand of digging (15)
 G - a wand of slowing (27)
Scrolls
 h - 4 scrolls of teleportation
 i - 3 scrolls of magic mapping
 j - 3 scrolls of remove curse
 r - a scroll of amnesia
 y - 2 scrolls of fog
 B - 4 scrolls of fear
 C - 2 scrolls of enchant armour
 F - a scroll of recharging
Potions
 d - a potion of flight
 g - 3 potions of curing
 k - 3 potions of cancellation
 n - 2 potions of magic {unknown}
 u - a potion of lignification
 H - a potion of might {unknown}
Books
 b - a book of Flames

   Spells                             Type                      Level
   a - Flame Tongue                   Conjuration/Fire             1
   b - Throw Flame                    Conjuration/Fire             2
   c - Conjure Flame                  Conjuration/Fire             3
   d - Inner Flame                    Hexes/Fire                   3
   e - Sticky Flame                   Conjuration/Fire             4
   f - Fireball                       Conjuration/Fire             5
 z - a book of Fire

   Spells                             Type                      Level
   a - Ignite Poison                  Fire/Transmutation/Poison    3
   b - Fireball                       Conjuration/Fire             5
   c - Bolt of Fire                   Conjuration/Fire             6
   d - Delayed Fireball               Conjuration/Fire             7
   e - Ring of Flames                 Charms/Fire                  7
Comestibles
 c - 10 bread rations
 l - 15 fruits
 m - 5 meat rations
 t - 5 beef jerkies
 E - a slice of pizza


   Skills:
 + Level 5.1 Fighting
 + Level 8.4 Dodging
 + Level 9.0 Stealth
 + Level 9.4 Spellcasting
 * Level 8.9 Conjurations
 * Level 10.7 Fire Magic


You had 5 spell levels left.
You knew the following spells:

 Your Spells              Type           Power        Failure   Level  Hunger
a - Flame Tongue          Conj/Fire      #####        1%          1    None
b - Throw Flame           Conj/Fire      ######       1%          2    None
c - Conjure Flame         Conj/Fire      ######..     1%          3    None
d - Sticky Flame          Conj/Fire      ######..     1%          4    ##.....
e - Fireball              Conj/Fire      ######....   1%          5    ####...
f - Bolt of Fire          Conj/Fire      ######....   4%          6    ######.
g - Delayed Fireball      Conj/Fire      N/A          36%         7    #######


Dungeon Overview and Level Annotations

Branches:
Dungeon (11/15)            Temple (1/1) D:6            Lair (0/8) D:10
    Orc (0/4) D:10

Altars:
Ashenzari
Dithmenos
Fedhas
Kikubaaqudgha
Makhleb
Qazlal
Sif Muna
Trog
Vehumet
Yredelemnul
The Shining One

Shops:
D:7 !

Portals:
Trove: D:11 (give 16 scrolls of teleportation)

Annotations:
D:9 Goblin1989's ghost, novice DsMo
D:11 Sonja


Innate Abilities, Weirdness & Mutations

You have claws for feet.
Scrolls take you a little longer to read.
Your body sometimes deteriorates upon taking damage.
Your magical capacity is low (-10% MP).
You are resistant to hostile enchantments.
Your muscles are strong. (Str +2)


Message History

Press: ? - help, Shift-Dir - straight line, f/p - Sonja
Aim: Sonja, wielding a dagger of distortion and carrying a wand of lightning {zapped: 4} (heavily wounded, covered in liquid flames)
You feel a surge of power!
The flame tongue hits Sonja.
Sonja appears unharmed.
Sonja is heavily wounded.
Sonja burns!
Sonja misses you.
Sonja hits you with a dagger of distortion.
Space bends around you. Sonja misses you.
Casting: Flame Tongue
Confirm with . or Enter, or press ? or * to list all spells.
Aiming: Flame Tongue
Press: ? - help, Shift-Dir - straight line, f/p - Sonja
Aim: Sonja, wielding a dagger of distortion and carrying a wand of lightning {zapped: 4} (heavily wounded, covered in liquid flames)
You feel a surge of power!
The flame tongue hits Sonja.
Sonja appears unharmed.
Sonja is heavily wounded.
Sonja burns!
Sonja hits you but does no damage. Space warps horribly around you!
* * * LOW HITPOINT WARNING * * *
Sonja barely misses you. Sonja hits you but does no damage.
Space warps horribly around you!
You die...

#( #(. #.# #####'#
#.# #......
######'#######>.....
#.........##.'(...)(
#.........#(.#..)..(
#..(.....)'.##....)(
#∩.K..).(.####.((..)
#..@.))...# #######
#...).....#
###'####### #..#
#.## #. #. ..


You could see Sonja (burning).

Vanquished Creatures
  Erolcha (D:11)
  A troll (D:11)
  2 two-headed ogres
  A deep elf mage (D:10)
  A spriggan (D:8)
  A hungry ghost (D:9)
  A wraith (D:10)
  A wyvern (D:10)
  A steam dragon (D:8)
  17 yaks
  A water moccasin (D:7)
  6 sky beasts
  7 ogres
  2 orc warriors
  2 ice beasts
  6 phantoms
  A necrophage (D:8)
  4 centaurs (D:11)
  A big kobold (D:5)
  A gnoll sergeant (D:10)
  9 giant frogs
  4 scorpions
  7 killer bees
  7 wights
  A giant frog zombie (D:6)
  7 crimson imps
  5 jellies
  5 orc priests
  5 orc wizards
  3 hounds
  4 iguanas
  3 giant frog skeletons
  12 worker ants
  A killer bee zombie (D:10)
  A hound zombie (D:9)
  A hound skeleton (D:7)
  Robin (D:2)
  10 gnolls
  17 adders
  5 shadow imps
  2 adder skeletons (D:9)
  4 worms
  9 giant geckos
  43 orcs
  A ball python (D:2)
  7 giant cockroaches
  17 goblins
  12 hobgoblins
  29 jackals
  4 quokkas
  9 bats
  10 giant newts
  15 kobolds
  A quokka skeleton (D:5)
  6 rats
335 creatures vanquished.

Vanquished Creatures (others)
  A two-headed ogre (D:10)
  3 centaurs (D:11)
  An adder (D:10)
5 creatures vanquished.

Grand Total: 340 creatures vanquished

Notes
Turn   | Place    | Note
--------------------------------------------------------------
     0 | D:1      | inmateoo the Deep Elf Fire Elementalist began the quest for the Orb.
     0 | D:1      | Reached XP level 1. HP: 10/10 MP: 6/6
   129 | D:1      | Reached XP level 2. HP: 15/15 MP: 6/8
   477 | D:1      | Reached XP level 3. HP: 20/20 MP: 4/9
   832 | D:2      | Reached skill level 1 in Fighting
  1044 | D:2      | Learned a level 2 spell: Throw Flame
  1048 | D:2      | Learned a level 3 spell: Conjure Flame
  1158 | D:2      | Found a shadowy altar of Dithmenos.
  1276 | D:2      | Reached XP level 4. HP: 25/25 MP: 6/11
  1440 | D:2      | Reached skill level 4 in Fire Magic
  1605 | D:2      | Noticed Robin
  1926 | D:2      | Killed Robin
  2439 | D:3      | Gained mutation: You are clumsy. (Dex -2) [potion of mutation]
  2439 | D:3      | Gained mutation: You are partially covered in iridescent scales (AC +4). [potion of mutation]
  2439 | D:3      | Gained mutation: Your magical capacity is low (-10% MP). [potion of mutation]
  2520 | D:3      | Reached XP level 5. HP: 29/29 MP: 6/11
  2543 | D:3      | Learned a level 4 spell: Sticky Flame
  3125 | D:3      | Noticed an ogre
  3132 | D:3      | Killed an ogre
  3132 | D:3      | Reached XP level 6. HP: 34/34 MP: 6/13
  3156 | D:4      | Found an ancient bone altar of Kikubaaqudgha.
  3383 | D:4      | Reached skill level 5 in Fire Magic
  3668 | D:4      | Reached XP level 7. HP: 39/39 MP: 10/14
  4215 | D:5      | Entered Level 5 of the Dungeon
  4215 | D:5      | Found a deep blue altar of Sif Muna.
  4225 | D:5      | Reached skill level 5 in Spellcasting
  4227 | D:5      | Found a burning altar of Makhleb.
  4366 | D:5      | Found a stormy altar of Qazlal.
  4371 | D:5      | Found a blossoming altar of Fedhas.
  4462 | D:5      | Learned a level 5 spell: Fireball
  4619 | D:5      | Reached skill level 5 in Dodging
  4619 | D:5      | Reached skill level 6 in Fire Magic
  4742 | D:5      | Reached skill level 5 in Stealth
  4742 | D:5      | Reached XP level 8. HP: 36/45 MP: 11/16
  5641 | D:6      | Reached skill level 7 in Fire Magic
  5735 | D:6      | Found a stormy altar of Qazlal.
  6168 | D:6      | Found a staircase to the Ecumenical Temple.
  6190 | Temple   | Entered the Ecumenical Temple
  6225 | Temple   | Became a worshipper of Vehumet
  6619 | D:7      | Reached XP level 9. HP: 48/50 MP: 16/19
  6781 | D:7      | Learned a level 6 spell: Bolt of Fire
  6915 | D:7      | Reached skill level 5 in Conjurations
  7025 | D:7      | Reached skill level 8 in Fire Magic
  7104 | D:7      | Found Xijuen's Distillery.
  7112 | D:7      | Bought a potion of poison for 13 gold pieces
  7112 | D:7      | Bought a potion of degeneration for 13 gold pieces
  7148 | D:7      | Gained mutation: You expend magic power (3 MP) to strengthen your wands. [mutagenic meat]
  7149 | D:7      | Gained mutation: You are very clumsy. (Dex -4) [mutagenic meat]
  7150 | D:7      | Gained mutation: Scrolls take you a little longer to read. [mutagenic meat]
  7151 | D:7      | Lost mutation: You are partially covered in iridescent scales (AC +4). [mutagenic meat]
  7153 | D:7      | Lost mutation: You are very clumsy. (Dex -4) [mutagenic meat]
  7454 | D:8      | Found a shattered altar of Ashenzari.
  7489 | D:8      | Found a glowing golden altar of the Shining One.
  7526 | D:8      | Reached * piety under Vehumet
  7526 | D:8      | Offered knowledge of Shock by Vehumet.
  8245 | D:8      | Reached skill level 9 in Fire Magic
  8650 | D:8      | Reached XP level 10. HP: 16/56 MP: 15/21
  9093 | D:9      | Noticed Goblin1989's ghost (novice DsMo)
  9361 | D:9      | Gained mutation: You have sharp toenails. [mutagenic meat]
  9362 | D:9      | Gained mutation: Your body sometimes deteriorates upon taking damage. [mutagenic meat]
  9363 | D:9      | Gained mutation: Your muscles are strong. (Str +2) [mutagenic meat]
  9364 | D:9      | Gained mutation: You are dopey. (Int -2) [mutagenic meat]
  9581 | D:9      | Offered knowledge of Throw Frost by Vehumet.
  9647 | D:9      | Reached ** piety under Vehumet
  9662 | D:9      | Lost mutation: You expend magic power (3 MP) to strengthen your wands. [mutagenic meat]
  9663 | D:9      | Lost mutation: You are clumsy. (Dex -2) [mutagenic meat]
  9666 | D:9      | Gained mutation: Your body often deteriorates upon taking damage. [mutagenic meat]
  9667 | D:9      | Gained mutation: You have razor-sharp toenails. [mutagenic meat]
 10112 | D:10     | Entered Level 10 of the Dungeon
 10137 | D:10     | Lost mutation: You are dopey. (Int -2) [mutagenic meat]
 10138 | D:10     | Gained mutation: You are resistant to hostile enchantments. [mutagenic meat]
 10139 | D:10     | Gained mutation: You have claws for feet. [mutagenic meat]
 10141 | D:10     | Lost mutation: Your body often deteriorates upon taking damage. [mutagenic meat]
 10486 | D:10     | Reached skill level 10 in Fire Magic
 10847 | D:10     | Offered knowledge of Static Discharge by Vehumet.
 10949 | D:10     | Found a staircase to the Lair.
 11287 | D:10     | Reached XP level 11. HP: 62/62 MP: 16/23
 11452 | D:10     | Reached *** piety under Vehumet
 11637 | D:10     | Found a staircase to the Orcish Mines.
 11915 | D:11     | Reached skill level 5 in Fighting
 12027 | D:11     | Offered knowledge of Dazzling Spray by Vehumet.
 12059 | D:11     | Learned a level 7 spell: Delayed Fireball
 12121 | D:11     | Noticed Erolcha
 12510 | D:11     | Killed Erolcha
 12517 | D:11     | Found a portal to a secret trove of treasure.
 12536 | D:11     | Noticed Sonja
 12542 | D:11     | Slain by Sonja

Action                   |  1- 3 |  4- 6 |  7- 9 | 10-12 || total
-------------------------+-------+-------+-------+-------++-------
Melee: Unarmed           |     1 |       |       |       ||     1
       Dagger            |     3 |       |       |       ||     3
       Long sword        |       |     3 |    87 |    52 ||   142
 Cast: Flame Tongue      |    73 |   149 |   247 |   355 ||   824
       Sticky Flame      |       |       |    13 |     9 ||    22
       Conjure Flame     |       |       |     4 |    21 ||    25
       Fireball          |       |       |       |     4 ||     4
       Delayed Fireball  |       |       |       |     1 ||     1
Evoke: Wand              |       |       |       |     2 ||     2
  Use: Scroll            |     7 |     2 |     8 |     6 ||    23
       Potion            |       |     1 |       |     3 ||     4
 Stab: Sleeping          |       |       |     6 |     1 ||     7
  Eat: Chunk             |     1 |     7 |    19 |    29 ||    56
       Fruit             |       |       |     2 |       ||     2
       Pizza             |       |       |     1 |       ||     1
       Bread ration      |       |       |       |     1 ||     1
